Map: Turbo Cruise '84 LE

Players

Mez - Winner!

  • Race: Terran Terran
  • League: Master
  • Spawn Location: 7:00

МакрочиЗерг

  • Race: Zerg Zerg
  • League: Master
  • Spawn Location: 3:00

VOD

Have the link to the VOD?

Description

Time

  • Played on: July 30, 2019, 1:34 a.m.
  • Length: 14:06
Show
View Real Time Build Order
Export as new Build Order

Mez Terran - Winner!

Build Orders: Reaper Expand 

Get SALT Encoding   

  12  0:00  SCV  
  13  0:12  SCV  
  14  0:17  Supply Depot  
  14  0:24  SCV  
  15  0:39  SCV  
  15  0:41  Barracks  
  16  0:45  Refinery  
  16  0:51  SCV  
  17  1:03  SCV  
  18  1:15  SCV  
  19  1:28  Orbital Command  
  19  1:29  Reaper  
  20  1:42  Command Center  
  20  1:53  Barracks  
  20  1:56  SCV  
  21  2:05  Barracks  
  21  2:08  Barracks Reactor  
  21  2:12  SCV  
  22  2:20  Supply Depot  
  22  2:25  SCV  
  23  2:45  Marine x2  
  23  2:46  Barracks Tech Lab  
  25  2:53  SCV  
  25  2:54  Marine  
  25  2:56  Orbital Command  
  27  3:06  Marine x3  
  27  3:09  Combat Shield  
  30  3:14  SCV  
  31  3:21  Marine  
  31  3:22  SCV  
  31  3:23  Marine  
  31  3:24  Marine x2  
  31  3:26  SCV  
  37  3:30  Supply Depot  
  37  3:32  Engineering Bay  
  37  3:34  SCV  
  37  3:38  SCV  
  39  3:42  Marine x2  
  39  3:43  Marine x2  
  39  3:47  SCV  
  44  3:51  SCV  
  45  3:56  Bunker  
  45  3:59  SCV  
  45  4:01  Supply Depot  
  45  4:02  Marine, Terran Infantry Weapons Level 1  
  46  4:03  SCV, Marine x2  
  46  4:05  Marine  
  51  4:11  SCV  
  52  4:19  SCV  
  52  4:20  Marine  
  52  4:22  Marine  
  52  4:23  SCV  
  56  4:28  Stimpack  
  56  4:32  SCV  
  56  4:35  SCV, Marine x2  
  60  4:38  Marine  
  60  4:43  Command Center  
  60  4:44  SCV  
  60  4:45  Supply Depot  
  62  4:56  Refinery  
  62  4:57  Factory, Refinery  
  62  5:05  Barracks Reactor  
  62  5:06  SCV x2, Marine x3  
  67  5:08  Supply Depot  
  67  5:11  Supply Depot  
  67  5:18  SCV x2  
  69  5:24  Marine  
  70  5:31  SCV x2  
  70  5:34  Barracks, Supply Depot  
  70  5:35  Supply Depot  
  72  5:36  Barracks  
  72  5:38  Marine x2  
  74  5:43  SCV x2  
  74  5:47  Starport  
  76  5:51  Marine x3  
  76  5:53  Factory Reactor  
  76  5:55  SCV x2  
  81  6:02  Supply Depot x2  
  81  6:07  SCV  
  81  6:08  Terran Infantry Armor Level 1  
  82  6:13  Marine x5  
  82  6:18  Orbital Command  
  87  6:24  Barracks Reactor x2  
  87  6:26  SCV x2  
  89  6:35  Concussive Shells  
  89  6:36  Marine x5  
  89  6:38  SCV  
  95  6:41  Medivac x2  
  95  6:44  SCV  
  100  6:51  SCV, Supply Depot  
  100  6:52  SCV, Supply Depot  
  100  6:54  Marine  
  102  6:56  SCV  
  104  7:04  SCV  
  86  7:12  Marine x6  
  86  7:13  Marine x3  
  86  7:14  SCV x2  
  81  7:16  SCV  
  81  7:18  Supply Depot  
  81  7:19  Command Center  
  81  7:20  Medivac x2  
  81  7:21  Supply Depot  
  86  7:26  SCV  
  87  7:30  Marine x3  
  87  7:32  Refinery, Armory  
  87  7:34  Engineering Bay  
  69  7:59  Marine x9  
  69  8:02  Orbital Command  
  76  8:17  Marine x5  
  76  8:18  Marine  
  76  8:19  Marine x3  
  83  8:20  SCV  
  83  8:21  SCV  
  83  8:22  Terran Infantry Armor Level 2, Terran Infantry Weapons Level 2  
  83  8:23  Barracks  
  83  8:24  Barracks  
  83  8:26  Barracks  
  85  8:31  SCV  
  85  8:33  SCV x2  
  87  8:35  Marine x5  
  92  8:43  SCV  
  92  8:45  SCV  
  92  8:47  Marine x4  
  98  8:51  SCV  
  98  8:52  Marine  
  98  8:53  Marine  
  98  8:55  SCV  
  102  9:01  Marine, Supply Depot x2  
  102  9:02  Marine x2  
  105  9:05  Marine  
  105  9:08  Marine  
  105  9:09  Marine  
  78  9:10  Marine x2, Medivac  
  109  9:11  Medivac  
  109  9:13  SCV  
  116  9:21  Marine x2  
  116  9:22  Marine  
  118  9:24  Barracks Tech Lab x2  
  118  9:25  Barracks Reactor, Marine  
  118  9:26  Marauder  
  118  9:28  SCV x2  
  123  9:32  Command Center  
  123  9:36  Terran Vehicle And Ship Armor Level 1  
  123  9:37  Marine  
  123  9:38  Marine x2  
  126  9:42  Marine x5  
  133  9:46  Supply Depot  
  133  9:49  Supply Depot  
  120  10:10  Marine x13  
  98  10:28  Marine x11  
  99  10:30  Factory Reactor  
  99  10:32  Barracks x2  
  99  10:33  Barracks x2  
  99  10:35  Factory  
  109  10:59  Supply Depot  
  109  11:00  Terran Infantry Armor Level 3, Terran Infantry Weapons Level 3  
  109  11:01  Supply Depot  
  109  11:12  Marine  
  109  11:13  Marine x6  
  109  11:14  Marauder x3  
  122  11:24  Command Center  
  122  11:26  Barracks Tech Lab x2  
  122  11:27  Barracks Reactor x2  
  122  11:30  Marine  
  122  11:31  Marine x9  
  132  11:35  Marine x2, Marauder  
  136  11:48  Marine  
  136  11:50  Marine x9, Marauder x2  
  136  11:53  Marine, Marauder  
  153  11:56  Marine  
  153  11:59  Planetary Fortress  
  154  12:18  Marine  
  154  12:20  Medivac x2  
  159  12:28  Marine x10, Marauder  
  159  12:29  Marauder x3  
  162  12:46  Marine x8  
  162  12:47  Marauder  
  162  12:49  Marauder  
  162  12:50  Marauder  
  170  12:52  Medivac x2  
  174  13:03  Widow Mine x2  
  174  13:05  Factory Tech Lab  
  164  13:22  Medivac  
  164  13:23  Marine x10, Marauder x3  
  164  13:24  Marine x6  
  164  13:25  Widow Mine  
  164  13:26  Widow Mine  
  190  13:40  Command Center  
  190  13:41  Marine  
Show
View Real Time Build Order
Export as new Build Order

МакрочиЗерг Zerg 

Build Orders: Hatch First 

Get SALT Encoding   

  12  0:01  Drone  
  13  0:15  Overlord  
  13  0:19  Drone  
  14  0:33  Drone  
  14  0:34  Drone  
  16  0:49  Hatchery  
  15  0:55  Drone  
  15  0:56  Drone  
  17  1:00  Drone  
  18  1:11  Extractor  
  18  1:15  Spawning Pool  
  18  1:18  Drone  
  17  1:22  Drone  
  18  1:31  Drone  
  19  1:42  Drone  
  20  1:52  Drone  
  21  2:03  Overlord  
  21  2:04  Drone, Queen x2  
  26  2:14  Zergling x4  
  28  2:29  Extractor  
  27  2:31  Spore Crawler  
  25  2:44  Drone  
  25  2:45  Drone x3  
  25  2:48  Drone  
  31  2:55  Drone  
  31  2:58  Metabolic Boost  
  32  2:59  Drone  
  32  3:03  Hatchery  
  32  3:07  Overlord  
  32  3:15  Drone  
  32  3:16  Queen  
  35  3:21  Baneling Nest  
  34  3:35  Drone  
  34  3:37  Overlord  
  34  3:38  Overlord  
  35  3:47  Extractor  
  34  3:49  Drone, Extractor  
  34  3:50  Drone  
  37  3:56  Drone x3  
  37  3:57  Drone  
  37  4:02  Lair  
  41  4:04  Drone  
  41  4:05  Drone x2  
  41  4:08  Zergling x2  
  45  4:15  Extractor  
  45  4:16  Zergling x2  
  45  4:17  Zergling x2  
  45  4:19  Queen  
  45  4:21  Zergling x2  
  45  4:22  Zergling x2  
  50  4:27  Zergling x10  
  55  4:33  Overlord x2  
  55  4:34  Zergling x2  
  55  4:38  Extractor  
  55  4:41  Zergling x4  
  57  4:55  Queen  
  57  4:57  Overlord, Drone  
  57  4:58  Drone x6  
  66  5:05  Overseer  
  66  5:09  Drone x3  
  66  5:10  Drone x2  
  66  5:12  Extractor  
  70  5:14  Drone  
  70  5:16  Overlord, Drone  
  72  5:23  Centrifical Hooks  
  72  5:25  Drone x6  
  78  5:30  Baneling x2  
  78  5:31  Baneling  
  78  5:32  Zergling x2  
  79  5:55  Drone  
  79  5:56  Drone x2  
  82  6:02  Drone  
  82  6:03  Drone x2  
  85  6:08  Zergling x10  
  90  6:14  Overlord x2  
  90  6:15  Overlord x2  
  90  6:18  Overseer  
  90  6:27  Hatchery  
  90  6:32  Drone  
  90  6:33  Zergling x18  
  90  6:35  Hatchery  
  98  6:45  Zergling x2  
  98  6:46  Zergling x4  
  101  6:49  Zergling x2  
  101  6:52  Zergling x2  
  100  6:54  Baneling x14  
  100  6:55  Zergling x8, Baneling  
  87  7:01  Zergling x10  
  87  7:07  Zergling x6  
  79  7:09  Zergling x2  
  79  7:10  Zergling x2  
  79  7:14  Drone  
  76  7:26  Zergling x10  
  79  7:37  Zergling x6  
  79  7:38  Zergling x2  
  79  7:43  Zergling x2  
  79  7:44  Zergling x4  
  76  7:51  Drone x7  
  80  8:01  Zergling x8  
  80  8:05  Zergling x10  
  81  8:14  Zergling x12  
  81  8:18  Drone x4  
  81  8:19  Queen x2  
  91  8:20  Queen  
  97  8:30  Zergling x10  
  97  8:31  Zergling x6  
  103  8:35  Evolution Chamber  
  103  8:36  Evolution Chamber  
  94  8:47  Drone x7  
  101  8:52  Drone x4  
  101  8:53  Overlord  
  101  8:54  Overlord x2  
  104  9:14  Zerg Ground Armor Level 1, Zerg Melee Weapons Level 1  
  104  9:22  Zergling x2  
  104  9:23  Zergling x34  
  121  9:25  Baneling x5  
  121  9:26  Baneling x2  
  121  9:27  Baneling  
  121  9:28  Baneling x2  
  121  9:31  Zergling x6  
  124  9:34  Baneling x5  
  124  9:36  Baneling x4  
  124  9:37  Baneling  
  124  9:38  Baneling x3  
  124  9:41  Drone x2  
  124  9:44  Drone  
  124  9:45  Drone x3  
  130  9:57  Zergling x20  
  130  9:58  Zergling x2  
  130  10:10  Zergling x24  
  115  10:15  Zergling x2  
  115  10:16  Zergling x6  
  117  10:23  Drone x6  
  123  10:29  Infestation Pit  
  121  10:37  Zergling x18  
  121  10:38  Zergling x6  
  121  10:39  Hatchery  
  131  10:45  Drone x4  
  131  10:46  Spire  
  134  10:58  Zergling x14  
  134  10:59  Overlord x5  
  125  11:17  Zergling x14  
  125  11:18  Zergling x14  
  138  11:20  Hive, Zerg Melee Weapons Level 2  
  138  11:21  Zerg Ground Armor Level 2  
  135  11:28  Baneling x9  
  135  11:29  Zergling x10  
  135  11:31  Baneling x7  
  138  11:50  Zergling x14  
  138  11:51  Zergling x6  
  148  12:02  Zerg Flyer Weapons Level 1  
  148  12:03  Corruptor x4  
  148  12:05  Overlord x5  
  149  12:24  Zergling x6  
  149  12:25  Zergling x22  
  141  12:31  Drone  
  141  12:32  Drone x13  
  141  12:33  Queen  
  141  12:34  Queen x3  
  138  12:41  Drone x3  
  129  12:53  Drone x3  
  126  13:02  Drone  
  126  13:03  Drone x6  
  125  13:09  Drone x2  
  121  13:19  Extractor  
  120  13:26  Spore Crawler  
  119  13:31  Ultralisk Cavern  
  118  13:35  Drone, Hatchery  
  118  13:36  Drone x2  
  118  13:37  Hatchery  
  118  13:38  Drone x11  
Tags
 
Add a new tag
Caveats
  • Supply blocks, unpowered buildings, or Contaminate may cause inaccurate times.
  • Supply counts are checked every 10 seconds.